 Dungeon Sprint DCSS version 0.20-a0-1034-gb277f92 (webtiles) character file.

628 galech the Nimble (level 7, 0/79 HPs)
             Began as a Troll Monk on Apr 21, 2017.
             Was a Believer of Elyvilon.
             Slain by a centaur warrior (6 damage)
             ... in the Dungeon (Sprint I: "Red Sonja").
             The game lasted 00:01:19 (470 turns).

galech the Nimble (Troll Monk)                       Turns: 470, Time: 00:01:20

Health: 0/79       AC:  7    Str: 27    XL:     7   Next: 23%
Magic:  4/6        EV: 14    Int:  6    God:    Elyvilon [**....]
Gold:   192        SH:  0    Dex: 12    Spells: 6/6 levels left

rFire    . . .     SeeInvis .     - Unarmed
rCold    . . .     Gourm    +   (no shield)
rNeg     . . .     Faith    .   i - +2 robe of the Doldrums {Str+5}
rPois    .         Spirit   .   (helmet restricted)
rElec    .         Reflect  .   (no cloak)
rCorr    .         Harm     .   (gloves unavailable)
MR       .....     NoTele   +   (boots unavailable)
Stlth    +++.......             (no amulet)
Regen    0.7/turn               (no ring)
MPRegen  0.1/turn               (no ring)

@: no status effects
A: unfitting armour, claws 3, fast metabolism 3, gourmand, regeneration 1,
shaggy fur 1, tough skin 2
a: Lesser Healing, Heal Other, Divine Protection, Renounce Religion


You were in the Dungeon.
You worshipped Elyvilon.
Elyvilon was pleased with you.
You were not hungry.

You visited 1 branch You collected 311 gold pieces.
You spent 119 gold pieces at shops.

Inventory:

Armour
 a - a +0 robe
 i - the +2 robe of the Doldrums (worn) {Str+5}
   (You bought it in a shop in the Dungeon)

   It affects your strength (+5).
Scrolls
 h - a scroll of blinking
Potions
 c - a potion of curing
 d - a potion of heal wounds
 e - a potion of haste
 f - 2 potions of magic
 g - a potion of berserk rage
Comestibles
 b - 2 bread rations


   Skills:
 + Level 7.7 Fighting
 + Level 8.2 Dodging
 + Level 5.2 Stealth
 + Level 6.7 Unarmed Combat


You had 6 spell levels left.
You didn't know any spells.

Dungeon Overview and Level Annotations

Branches:
Dungeon (1/1)

Altars:
Cheibriados
Dithmenos
Elyvilon
Fedhas
Gozag
Hepliaklqana
Kikubaaqudgha
Makhleb
Nemelex Xobeh
Okawaru
Qazlal
Ru
Sif Muna
Trog
Uskayaw
Vehumet
Wu Jian
Xom
Yredelemnul
Zin
The Shining One
Jiyva
Lugonu

Shops:
D *


Innate Abilities, Weirdness & Mutations

You are too large for most types of armour.
You have claws for hands.
Your metabolism is lightning-fast.
You like to eat raw meat.
Your natural rate of healing is unusually fast.
You are covered in fur. (AC +1)
You have very tough skin. (AC +2)


Message History

You closely miss the centaur warrior.
The centaur warrior is severely wounded.
The centaur warrior barely misses you. The centaur warrior closely misses you.
The centaur warrior hits you.
You scratch the centaur warrior but do no damage.
The centaur warrior is severely wounded.
The centaur warrior hits you.
* * * LOW HITPOINT WARNING * * *
The centaur warrior hits you.
* * * LOW HITPOINT WARNING * * *
You are healed.
You feel somewhat more hungry.
The centaur warrior completely misses you.
The centaur warrior hits you.
* * * LOW HITPOINT WARNING * * *
The centaur warrior hits you.
* * * LOW HITPOINT WARNING * * *
You are healed.
You feel somewhat more hungry. The centaur warrior hits you!
* * * LOW HITPOINT WARNING * * *
The centaur warrior hits you.
You die...

################
#..'..#.)'..#__#
'[.#.)'..#..'..+
#####'#####'#__####
####..#...#[####§/#
#__####..##§#§§§§c#
#_____##'#_.§§§§@§+
#_.∩...'...§#≈§§§c#
#_..__##_.#+##+####
#_____###+# #######


You could see 2 centaur warriors.

Vanquished Creatures
  A slime creature (D)
  Sigmund (D)
  A yak (D)
  An ogre (D)
  A jelly (D)
  Ijyb (D)
6 creatures vanquished.

Notes
Turn   | Place    | Note
-------+----------+-------------------------------------------
     0 | D        | galech the Troll Monk began the quest for the Orb.
     0 | D        | Reached XP level 1. HP: 23/23 MP: 0/0
     1 | D        | Noticed Ijyb
    36 | D        | Killed Ijyb
    36 | D        | Reached skill level 4 in Dodging
    36 | D        | Reached skill level 1 in Unarmed Combat
    36 | D        | Reached XP level 2. HP: 30/32 MP: 1/1
    41 | D        | Noticed an ogre
    47 | D        | Killed an ogre
    47 | D        | Reached skill level 5 in Fighting
    47 | D        | Reached skill level 5 in Dodging
    47 | D        | Reached XP level 3. HP: 6/42 MP: 2/2
    47 | D        | Reached XP level 4. HP: 7/50 MP: 3/3
   132 | D        | Noticed Sigmund
   160 | D        | HP: 1/50 [Sigmund/puff of flame (9)]
   162 | D        | Killed Sigmund
   162 | D        | Reached skill level 7 in Dodging
   162 | D        | Reached XP level 5. HP: 2/61 MP: 4/4
   162 | D        | Reached XP level 6. HP: 2/68 MP: 5/5
   281 | D        | Found a burning altar of Makhleb.
   281 | D        | Found a shimmering altar of Xom.
   281 | D        | Noticed a slime creature
   282 | D        | Found a viscous altar of Jiyva.
   282 | D        | Found a corrupted altar of Lugonu.
   293 | D        | Killed a slime creature
   293 | D        | Reached skill level 5 in Unarmed Combat
   367 | D        | Found an ornate altar of the Wu Jian Council.
   367 | D        | Found a deep blue altar of Sif Muna.
   369 | D        | Found a radiant altar of Vehumet.
   395 | D        | Found Fabre's Assorted Antiques.
   395 | D        | Found an ancient bone altar of Kikubaaqudgha.
   395 | D        | Found a hazy altar of Hepliaklqana.
   395 | D        | Found a hide-covered altar of Uskayaw.
   395 | D        | Found a basalt altar of Yredelemnul.
   395 | D        | Found an opulent altar of Gozag.
   395 | D        | Found a snail-covered altar of Cheibriados.
   395 | D        | Found a sacrificial altar of Ru.
   395 | D        | Found a shadowy altar of Dithmenos.
   395 | D        | Noticed a yak
   396 | D        | Found a stormy altar of Qazlal.
   396 | D        | Found a blossoming altar of Fedhas.
   396 | D        | Found a bloodstained altar of Trog.
   396 | D        | Found an iron altar of Okawaru.
   396 | D        | Found a glowing golden altar of the Shining One.
   396 | D        | Found a glowing silver altar of Zin.
   396 | D        | Found a white marble altar of Elyvilon.
   401 | D        | Killed a yak
   401 | D        | Reached skill level 8 in Dodging
   401 | D        | Reached skill level 5 in Stealth
   401 | D        | Reached XP level 7. HP: 50/79 MP: 6/6
   402 | D        | Found a sparkling altar of Nemelex Xobeh.
   406 | D        | Bought a colourful robe for 119 gold pieces
   416 | D        | Identified the +2 robe of the Doldrums {Str+5} (You bought it in a shop in the Dungeon)
   419 | D        | Became a worshipper of Elyvilon the Healer
   419 | D        | Reached * piety under Elyvilon
   419 | D        | Reached ** piety under Elyvilon
   461 | D        | Noticed a centaur warrior
   461 | D        | Noticed a centaur warrior
   470 | D        | Slain by a centaur warrior

Vault maps used:
D:        dungeon_sprint_1

Skill      XL: |  1  2  3  4  5  6 |
---------------+-------------------+-----
Fighting       | 4 5 6 7 |  7.7
Dodging        | 4 5 7 8 |  8.2
Unarmed Combat | 1 2 4 6 |  6.7
Stealth        | 3 4 5 |  5.2

Action                   |  1- 3 |  4- 6 |  7- 9 || total
-------------------------+-------+-------+-------++-------
Melee: Unarmed           |    38 |    47 |     6 ||    91
       Punch             |       |     2 |       ||     2
Invok: Lesser Healing    |       |       |     2 ||     2
 Stab: Sleeping          |       |     2 |     1 ||     3
  Eat: Chunk             |       |     2 |       ||     2
Armor: Robe              |    12 |     2 |     1 ||    15
Dodge: Dodged            |    14 |    15 |     6 ||    35
